cohdb
Replays
Latest Replays
All Replays
Popular Replays
Top Player Replays
Match Explorer
How It Works
Community
CoH3 Stats
Reddit
Sign in to upload your games and track your stats! →
Sign in with Steam
Match 45449422
Unlisted
Match 45449422
Overview
Messages
Build Orders
End
Pioneer Squad
Construct Infanterie Kompanie
Selects Breakthrough Battlegroup
Selects Assault Grenadiers
MG 42 Machine Gun Team
Grenadier Squad
Grenadier Squad
Construct Luftwaffe Kompanie
Selects Rapid Production
Selects Breakthrough
221 Scout Car
Jäger Squad
Breakthrough
Jäger Squad
Support Elements
Wirbelwind Flakpanzer
Medical Station
Breakthrough
Wirbelwind Flakpanzer
Markov666
KevinTDW
0
0
Comments
sign in to comment!
No comments posted yet!